 Dungeon Crawl Stone Soup version 0.21.1-1-g345015f (webtiles) character file.

259 suicidejoker the Skirmisher (level 5, -2/42 HPs)
             Began as a Demonspawn Fighter on May 10, 2018.
             Slain by Crazy Yiuf
             ... wielding a +4 quarterstaff of chaos
              (5 damage)
             ... while paralysed by Crazy Yiuf
             ... on level 3 of the Dungeon.
             The game lasted 00:06:11 (3678 turns).

suicidejoker the Skirmisher (Demonspawn Fighter)    Turns: 3678, Time: 00:06:12

Health: -2/42      AC:  6    Str: 16    XL:     5   Next: 94%
Magic:  5/5        EV:  2    Int: 11    God:
Gold:   171        SH:  0    Dex: 16    Spells: 4/4 levels left

rFire    + . .     SeeInvis .   h - -3 short sword (curse)
rCold    . . .     Gourm    .   c - +1 shield
rNeg     + + +     Faith    .   b - +0 scale mail
rPois    ∞         Spirit   .   (helmet restricted)
rElec    .         Reflect  .   (no cloak)
rCorr    .         Harm     .   (no gloves)
MR       .....     Clarity  +   (no boots)
Stlth    ++........             (no amulet)
HPRegen  0.14/turn              (no ring)
MPRegen  0.09/turn              (no ring)

@: paralysed, petrified, very slightly contaminated, invisible
A: horns 1, thin skeletal structure 1, clarity, clever 1, fire resistance 1,
nightstalker 1, wild magic 1
a: no special abilities


You were on level 3 of the Dungeon.
You were hungry.

You visited 1 branch of the dungeon, and saw 3 of its levels.

You collected 171 gold pieces.

Inventory:

Hand Weapons
 a - a +1 long sword
 h - a cursed -3 short sword (weapon)
 m - a +0 dagger of speed
Missiles
 e - 17 sling bullets
 i - 166 stones (quivered)
 j - 22 bolts
 k - 91 arrows
 l - 10 poisoned needles
Armour
 b - a +0 scale mail (worn)
 c - a +1 shield (worn)
Wands
 n - a wand of digging (14)
Scrolls
 p - a scroll of blinking
 t - 2 scrolls of fear
 u - a scroll of amnesia
Potions
 v - a potion of curing
Books
 q - a book of Callings

   Spells                             Type                      Level
   a - Summon Small Mammal            Summoning                    1
   b - Call Imp                       Summoning                    2
   c - Call Canine Familiar           Summoning                    3
   d - Summon Guardian Golem          Hexes/Summoning              3
   e - Summon Lightning Spire         Summoning/Air                4
   f - Summon Ice Beast               Ice/Summoning                4
Comestibles
 f - 6 rations


   Skills:
 + Level 3.7 Fighting
 * Level 3.3 Long Blades
 + Level 3.3 Armour
 + Level 1.7 Dodging
 + Level 2.0 Stealth
 + Level 3.3 Shields


You had 4 spell levels left.
You didn't know any spells.

Dungeon Overview and Level Annotations

Branches:
Dungeon (3/15)

Altars:
Kikubaaqudgha
Nemelex Xobeh

Annotations:
D:3 Crazy Yiuf; MollyMolluskus's ghost, amateur OpAr


Innate Abilities, Weirdness & Mutations

You have a pair of small horns on your head.
You have a somewhat thin skeletal structure. (Dex +2, Stealth)
You are slightly more attuned to the shadows.
You possess an exceptional clarity of mind.
Your mind is acute. (Int +2)
Your flesh is heat resistant. (rF+)
Your spells are a little harder to cast, but a little more powerful.


Message History

Crazy Yiuf freezes you.
MollyMolluskus's ghost hits you but does no damage.
You have turned to stone.
Crazy Yiuf screams, "Ice unthinkable blue!"
Crazy Yiuf hits you with a quarterstaff of chaos.
Space bends around you. MollyMolluskus's ghost hits you.
Crazy Yiuf laughs, "Ten!
Liver spinner cloud."
Crazy Yiuf hits you with a quarterstaff of chaos!
You fade into invisibility!
MollyMolluskus's ghost hits you.
Crazy Yiuf hits you with a quarterstaff of chaos.
MollyMolluskus's ghost hits you.
Crazy Yiuf hits you with a quarterstaff of chaos!
* * * LOW HITPOINT WARNING * * *
You convulse!
* * * LOW HITPOINT WARNING * * *
MollyMolluskus's ghost hits you.
* * * LOW HITPOINT WARNING * * *
Crazy Yiuf hits you with a quarterstaff of chaos!
You die...

...........<.)# #.#
#.#####
###.##.######## #.#
#.# #.##'# #.# #.#
###.#..# ### #.#
.......# #.####
###.)..##♣♣♣♣♣
#.##.##
##.....#...♣.♣♣♣ ####
#####.#...#
.'..[.......♣..♣#...#
#..........
##.........♣♣♣♣.@W..#
##.##.#....
##....#..♣♣ ♣♣#g.)#
#.##..#.#. ##...##♣♣
#### #.###.###. ##..#
#......... ##'#
#####.#### #.#
######## #.# #.#
#......# #.# ##)##
####)### #.####
##...## #.# #.....


You could see Crazy Yiuf and MollyMolluskus's ghost.

Vanquished Creatures
  An orc priest (D:3)
  An orc wizard (D:3)
  Natasha (thrice) (D:3)
  Robin (D:2)
  2 adders (D:3)
  2 oozes
  3 dart slugs
  3 leopard geckos
  4 orcs (D:3)
  4 bats
  A bat zombie (D:2)
  7 giant cockroaches
  13 goblins
  10 hobgoblins
  8 kobolds
  A ball python (D:2)
  7 frilled lizards
  6 rats (D:1)
77 creatures vanquished.

Notes
Turn   | Place    | Note
-------+----------+-------------------------------------------
     0 | D:1      | suicidejoker the Demonspawn Fighter began the quest for the Orb.
     0 | D:1      | Reached XP level 1. HP: 18/18 MP: 1/1
   308 | D:1      | Gained mutation: You have a somewhat thin skeletal structure. (Dex +2, Stealth) [demonic ancestry]
   308 | D:1      | Reached XP level 2. HP: 24/24 MP: 2/2
   319 | D:1      | Found a sparkling altar of Nemelex Xobeh.
   758 | D:1      | Gained mutation: You are slightly more attuned to the shadows. [demonic ancestry]
   758 | D:1      | Reached XP level 3. HP: 19/29 MP: 3/3
  1118 | D:2      | Reached skill level 1 in Stealth
  1196 | D:2      | Noticed Robin
  1211 | D:2      | Killed Robin
  1409 | D:2      | Reached skill level 1 in Dodging
  1409 | D:2      | Reached XP level 4. HP: 35/35 MP: 4/4
  1584 | D:2      | Found an ancient bone altar of Kikubaaqudgha.
  1986 | D:3      | Found a runed door.
  2287 | D:3      | Gained mutation: You have a pair of small horns on your head. [demonic ancestry]
  2287 | D:3      | Reached XP level 5. HP: 22/41 MP: 5/5
  2700 | D:3      | Noticed Natasha
  2717 | D:3      | Killed Natasha
  3051 | D:3      | Noticed Natasha
  3071 | D:3      | Killed Natasha
  3189 | D:3      | Noticed Natasha
  3206 | D:3      | HP: 1/42 [white imp[Natasha] (4)]
  3207 | D:3      | Killed Natasha
  3655 | D:3      | Gained mutation: Your spells are a little harder to cast, but a little more powerful. [potion of mutation]
  3655 | D:3      | Gained mutation: Your flesh is heat resistant. (rF+) [potion of mutation]
  3655 | D:3      | Gained mutation: You possess an exceptional clarity of mind. [potion of mutation]
  3655 | D:3      | Gained mutation: Your mind is acute. (Int +2) [potion of mutation]
  3667 | D:3      | Noticed Crazy Yiuf
  3667 | D:3      | Noticed MollyMolluskus's ghost (amateur OpAr)
  3672 | D:3      | Paralysed by Crazy Yiuf for 7 turns
  3678 | D:3      | Slain by Crazy Yiuf

Skill      XL: |  1  2  3  4  5 |
---------------+----------------+-----
Long Blades    | 2 3 |  3.3
Stealth        | 1 2 |  2.0
Armour         | 3 |  3.3
Dodging        | 1 |  1.7
Shields        | 3 |  3.3
Fighting       | |  3.7

Action                   |  1- 3 |  4- 6 || total
-------------------------+-------+-------++-------
Melee: Long sword        |   200 |    99 ||   299
       Short sword       |       |    48 ||    48
       Headbutt          |       |     7 ||     7
Throw: Stone             |     9 |       ||     9
  Use: Scroll            |     5 |     8 ||    13
       Potion            |       |     4 ||     4
 Stab: Sleeping          |     1 |     5 ||     6
       Invisible         |       |     2 ||     2
  Eat: Chunk             |     2 |     7 ||     9
Armor: Scale mail        |   102 |    51 ||   153
Dodge: Dodged            |    48 |    39 ||    87
Block: Shield            |   108 |    69 ||   177
       Rpst.: Long sword |    16 |     9 ||    25
